 Dungeon Crawl Stone Soup version 0.18-a0-1405-g73f4075 (webtiles) character file.

39 Duffy the Insei (level 3, -17/24 HPs)
             Began as a Tengu Monk on Feb 24, 2016.
             Killed from afar by Ijyb (22 damage)
             ... with a wand of lightning
             ... on level 2 of the Dungeon.
             The game lasted 00:01:33 (1486 turns).

Duffy the Insei (Tengu Monk)                        Turns: 1486, Time: 00:01:33

Health: -17/24     AC:  3    Str: 12    XL:     3   Next: 47%
Magic:  4/4        EV: 13    Int: 10    God:
Gold:   95         SH:  0    Dex: 16    Spells: 0 memorised, 2 levels left

rFire  . . .     SeeInvis .       - Unarmed
rCold  . . .     Gourm    .     a - +0 robe
rNeg   . . .     Faith    .     (no shield)
rPois  .         Spirit   .     (helmet restricted)
rElec  .         Dismiss  .     (no cloak)
rCorr  .         Reflect  .     g - +0 pair of gloves
SustAt .         Harm     .     (boots unavailable)
MR     .....                    (no amulet)
Stlth  ++........               (no ring)
                                (no ring)

@: not resistant to hostile enchantments, unstealthy
A: beak, talons 3
a: no special abilities


You were on level 2 of the Dungeon.
You were near starving.

You visited 1 branch of the dungeon, and saw 2 of its levels.

You collected 95 gold pieces.


Innate Abilities, Weirdness & Mutations

You have a beak for a mouth.
You have claws for feet.


   Skills:
 + Level 3.7 Fighting
 - Level 3.2 Dodging
 - Level 2.0 Stealth
 + Level 5.1 Unarmed Combat


You had 2 spell levels left.
You didn't know any spells.

Inventory:

Armour
 a - a +0 robe (worn)
 d - a +0 crystal plate armour
 g - a +0 pair of gloves (worn)
Scrolls
 e - a scroll of teleportation {unknown}
 h - a scroll of fog {unknown}
Potions
 c - a potion of lignification {unknown}
 f - a potion of beneficial mutation {unknown}
 i - 2 potions of resistance {unknown}
Comestibles
 b - 2 bread rations

Dungeon Overview and Level Annotations

Branches:
Dungeon (2/15)

Altars:
Makhleb

Annotations:
D:2 Ijyb


Message History

A bat comes into view.
The bat hits you but does no damage.
You hit the bat.
You kill the bat!
No target in view!
No target in view!
Found a stone staircase leading up.
Found 27 stones.
Found a burning altar of Makhleb.
There is a burning altar of Makhleb here.
Things that are here:
a whip; a robe
Found a stone staircase leading up.
h - a scroll labeled YJOSOV YSHRYN You see here 27 stones.
i - a murky purple potion You are near starving!
i - 2 murky purple potions (gained 1)
You now have 84 gold pieces (gained 7).
You now have 95 gold pieces (gained 11).
You open the door.
Found an escape hatch in the ceiling.
There is an open door here.
Found a stone staircase leading down.
Ijyb the Twisted Goblin comes into view.
A worm comes into view.
Ijyb shouts!
There is an open door here.
Ijyb zaps a wand.
The bolt of lightning hits you!
Ouch! That really hurt!
It is a wand of lightning.
Ijyb zaps a wand.
The bolt of lightning misses you. The bolt of lightning hits you!
Ouch! That really hurt!
You die...

.....##.#..#.#.#.# #.#...
#######.#..#.#.#.# #....# .#
#.#..#.#.#.# ####.##.#
#######.#..#.....######..#.####
......#.#........##...........#
......#.##.#.....##...........#
......#.##.#...#.##<..........#
......#.##.###.#.##...........#
......#.#......#@##........w...
......#......###..'.g.....>....
.######......# ####............
.# #......# #.#########.. .#
#......# #.# . .#
#......######.# .###
#.............# ...#
#......######## ...####......#


You could see Ijyb.

Action                   || total
-------------------------++-------
Melee: Unarmed           ||    64
 Stab: Sleeping          ||     3

Notes
Turn   | Place    | Note
--------------------------------------------------------------
     0 | D:1      | Duffy the Tengu Monk began the quest for the Orb.
     0 | D:1      | Reached XP level 1. HP: 14/14 MP: 2/2
   153 | D:1      | Reached XP level 2. HP: 19/19 MP: 3/3
   407 | D:1      | Reached XP level 3. HP: 23/23 MP: 4/4
   824 | D:1      | Reached skill level 5 in Unarmed Combat
  1354 | D:2      | Found a burning altar of Makhleb.
  1475 | D:2      | Noticed Ijyb
  1486 | D:2      | Killed from afar by Ijyb

Vault maps used:
D:1:      enne_arrival_octagon_isle
D:2:      bloody_makhleb, uniq_iyjb

Vanquished Creatures
  An adder
  A dart slug
  2 giant geckos
  5 bats
  A giant cockroach
  4 hobgoblins
  2 jackals
  2 kobolds
  2 giant newts
  6 rats
26 creatures vanquished.
